 Dungeon Crawl Stone Soup version 0.31-a0-217-g58bb5d79cf (webtiles) character file.

Game seed: 14034656474517522270

19532 qw the Marksminotaur (level 12, -7/108 HPs)
             Began as a Minotaur Hexslinger on July 2, 2023.
             Was an Elder of Okawaru.
             Mangled by a death yak (22 damage)
             ... on level 2 of the Lair of Beasts.
             The game lasted 00:06:12 (13744 turns).

qw the Marksminotaur (Minotaur Hexslinger)         Turns: 13744, Time: 00:06:12

Health: -7/108     AC: 14    Str: 13    XL:     12   Next: 37%
Magic:  15/17      EV: 25    Int: 10    God:    Okawaru [****..]
Gold:   635        SH:  0    Dex: 18    Spells: 12/13 levels left

rFire   . . .        Y - +1 orcbow
rCold   . . .        (shield currently unavailable)
rNeg    + . .        n - +0 leather armour of the Spider Nest {rElec rN+ SInv}
rPois   .            i - +1 hat
rElec   +            t - +0 cloak
rCorr   .            (no gloves)
SInv    +            p - +2 pair of boots
Will    +....        e - amulet of faith
Stlth   ++           g - +5 ring of evasion
HPRegen 0.38/turn    h - +4 ring of protection
MPRegen 0.15/turn

%: faith
@: about to teleport, heroic, very slow
A: horns 2, retaliatory headbutt, iridescent scales 1, deformed body,
strong-willed 1, wild magic 1
a: Renounce Religion, Heroism, Finesse


You were on level 2 of the Lair of Beasts.
You worshipped Okawaru.
Okawaru was greatly pleased with you.
You visited 3 branches of the dungeon, and saw 14 of its levels.
You also visited: Sewer.

You collected 768 gold pieces.
You spent 133 gold pieces at shops.


Innate Abilities, Weirdness & Mutations

You have a pair of horns on your head.
You reflexively headbutt those who attack you in melee.
You are partially covered in iridescent scales. (AC +2)
Armour fits poorly on your strangely shaped body.
You are strong-willed. (Will+)
Your spells are a little harder to cast, but a little more powerful.


   Skills:
 + Level 10.8(15.8) Fighting
 - Level 16.0(21.0) Ranged Weapons
 - Level 4.6(9.6) Armour
 - Level 8.1(13.1) Dodging
 - Level 1.0 Spellcasting
 - Level 2.0 Hexes
 + Level 8.0 Invocations


You had 12 spell levels left.
You knew the following spells:

 Your Spells              Type           Power      Damage    Failure   Level
a - Slow                  Hex            20%        N/A       26%         1

Your spell library contained the following spells:

 Spells                   Type           Power      Damage    Failure   Level
 Inner Flame              Hex/Fire       3%         N/A       71%         3
 Portal Projectile        Hex/Tloc       6%         N/A       71%         3
 Cause Fear               Hex            2%         N/A       91%         4

Inventory:

Hand Weapons
 Y - a +1 orcbow (weapon)
Armour
 f - a +0 troll leather armour
 i - a +1 hat (worn)
 n - the +0 leather armour of the Spider Nest (worn) {rElec rN+ SInv}
   (You found it on level 6 of the Dungeon)

   rElec:     It insulates you from electricity.
   rN:        It protects you from negative energy.
   SInv:      It lets you see invisible.
 p - a +2 pair of boots (worn)
 t - a +0 cloak (worn)
Jewellery
 e - an amulet of faith (around neck)
 g - a +5 ring of evasion (left hand)
 h - a +4 ring of protection (right hand)
Wands
 q - a wand of digging (5)
Scrolls
 a - a scroll of teleportation
 l - a scroll of identify
Potions
 b - 5 potions of cancellation
 c - a potion of mutation
 d - 2 potions of resistance
 k - a potion of enlightenment
 m - 2 potions of curing
 o - a potion of might
 r - a potion of magic
 s - a potion of berserk rage {unknown}

Dungeon Overview and Level Annotations

Branches:
Dungeon (11/15)            Temple (1/1) D:7            Lair (2/5) D:11
 Shoals (0/4) Lair:2       Spider (0/4) Lair:2          Orc (0/2) D:9
  Sewer (visited)

Altars:
Ashenzari
Cheibriados
Dithmenos
Elyvilon
Fedhas
Gozag
Hepliaklqana
Kikubaaqudgha
Makhleb
Nemelex Xobeh
Okawaru
Qazlal
Ru
Sif Muna
Trog
Uskayaw
Vehumet
Wu Jian
Xom
Yredelemnul
Zin
The Shining One
Lugonu

Shops:
D:4 ?   D:5 *   D:8 :

Annotations:
D:6 1 runed translucent door
D:9 2 transporters
D:11 1 runed translucent door, qw's ghost, journeyman GrFi
Lair:2 1 runed translucent door, exclusion: 6 snapping turtles, qw's ghost, journeyman GrFi


Message History

You shoot an arrow. The arrow hits the death yak!
The death yak is moderately wounded.
The death yak gores you but does no damage.
You shoot an arrow. The arrow hits the death yak.
The death yak is moderately wounded.
You shoot an arrow.
The arrow hits the death yak but does no damage.
The death yak is moderately wounded.
You feel like a meek peon again.
The death yak gores you but does no damage.
13736 ||| INVOKING Heroism.
You gain the combat prowess of a mighty hero.
The death yak misses you. You furiously retaliate!
You headbutt the death yak! You shoot an arrow. The arrow hits the death yak.
The death yak is heavily wounded.
The death yak misses you.
You shoot an arrow. The arrow hits the death yak.
The death yak is heavily wounded.
You shoot an arrow. The arrow hits the death yak!
The death yak is severely wounded.
The death yak gores you but does no damage.
You shoot an arrow.
The arrow hits the death yak but does no damage.
The death yak is severely wounded.
The death yak gores you!!
13741 ||| READING 2 scrolls of teleportation.
As you read the scroll of teleportation, it crumbles to dust.
You feel strangely unstable. The death yak completely misses you.
You shoot an arrow.
The arrow hits the death yak but does no damage.
The death yak is severely wounded.
The death yak misses you. You furiously retaliate!
You headbutt the death yak. You shoot an arrow. The arrow hits the death yak.
The death yak is severely wounded.
You shoot an arrow.
The arrow hits the death yak but does no damage.
The death yak is severely wounded.
The death yak gores you!!
You die...

#.#....P#### #...#......#
............#####.P....##.##
P###..#..#....##..P.P....###
##.####.#....P...P..##... P.
#####........#..... #.
######...#..### #
###....#..#.#. ###
#?.##.+####.>.
#@########.#..#.#.
#~##Y##~###....#..### .
#~YY~~~~#....P#...#. ##
.###~~~~~~~~~......##...
#.+#.#~~~#####~~~.......###
#.....~~##...##~~.......##.
##.....~~#.....#~~.......#..
##......~~#..>..'.........#..
..+.....~~#.....#~~........./


You could see 3 death yaks.

Vanquished Creatures
  2 two-headed ogres (D:9)
  3 death yaks (Lair:2)
  Amaemon (Lair:2)
  A skyshark (Lair:1)
  2 wolf spiders (Lair:1)
  An ugly thing (D:11)
  A manticore (D:11)
  A black mamba (Lair:2)
  A cane toad (Lair:2)
  An orange demon (Lair:2)
  A rime drake (D:11)
  An unseen horror zombie (D:7)
  3 unseen horrors
  5 komodo dragons
  A meliai (Lair:2)
  Prince Ribbit (D:7)
  A troll (D:11)
  A polar bear (Lair:2)
  3 shadows
  10 yaks
  2 wyverns (D:10)
  2 steam dragons (D:9)
  A basilisk (Lair:1)
  3 vampire mosquitoes (D:11)
  2 wargs (D:9)
  2 acid dragons
  4 water moccasins
  A black bear (D:7)
  4 ice beasts
  5 orc warriors
  9 wolves
  2 ogres
  6 centaurs
  2 phantoms
  3 kobold brigands
  4 bullfrogs
  3 scorpions (D:6)
  2 gnoll sergeants
  A wyvern zombie (D:7)
  A water moccasin zombie (D:7)
  12 wights
  15 killer bees
  4 howler monkeys (D:9)
  2 electric eels (D:8)
  5 centaur zombies (D:7)
  A gnoll bouda (D:8)
  4 orc priests
  A hound (D:5)
  A jelly (D:7)
  A sleepcap (D:8)
  9 orc wizards
  Natasha (thrice) (D:3)
  3 iguanas (D:6)
  4 adders
  11 gnolls
  A white imp (D:8)
  2 ufetubi
  3 adder skeletons (D:3)
  3 worms (D:3)
  A dart slug (D:2)
  An adder simulacrum (D:3)
  30 orcs
  15 ball pythons
  5 endoplasms
  8 giant cockroaches
  10 goblins
  6 hobgoblins
  8 quokkas
  A ball python skeleton (D:3)
  10 bats
  4 frilled lizards
  27 kobolds
  A quokka skeleton (D:3)
  5 rats
317 creatures vanquished.

Notes
Turn   | Place    | Note
-------+----------+-------------------------------------------
     0 | D:1      | qw the Minotaur Hexslinger began the quest for the Orb.
     0 | D:1      | Reached XP level 1. HP: 16/16 MP: 1/1
     0 | D:1      | 0 ||| qw: Version: 0.3-a-40-ge99b1a8
     0 | D:1      | 0 ||| qw: Game counter: 263
     0 | D:1      | 0 ||| qw: Melee chars always use a shield: true
     0 | D:1      | 0 ||| qw: God list: Okawaru
     0 | D:1      | 0 ||| qw: Allow faded altars: false
     0 | D:1      | 0 ||| qw: Do Orc after clearing Dungeon:15 true
     0 | D:1      | 0 ||| qw: Do second Lair branch before Depths: true
     0 | D:1      | 0 ||| qw: Lair rune preference: random
     0 | D:1      | 0 ||| qw: Goals: Normal
     0 | D:1      | 0 ||| PLANNING D:1-11
    70 | D:1      | Reached skill level 3 in Ranged Weapons
    79 | D:1      | Reached XP level 2. HP: 23/23 MP: 2/2
   699 | D:1      | 699 ||| UPGRADING to +0 leather armour.
   709 | D:1      | 709 ||| DROPPING +0 robe.
   710 | D:1      | 710 ||| UPGRADING to +0 ring mail.
   720 | D:1      | 720 ||| DROPPING +0 leather armour.
   721 | D:1      | 721 ||| UPGRADING to +5 ring of evasion.
   722 | D:1      | 722 ||| READING 2 scrolls labelled QUMEWUN JAROMN.
   723 | D:1      | 723 ||| READING scroll labelled CUNYFE OSUU.
   727 | D:1      | 727 ||| READING 2 scrolls labelled MUANNO UREYGH.
   728 | D:1      | 728 ||| READING scroll labelled ALEYKH XIGIS.
   729 | D:1      | 729 ||| DROPPING scroll of fear.
   730 | D:1      | 730 ||| DROPPING scroll of poison.
   830 | D:2      | Reached XP level 3. HP: 29/29 MP: 3/3
  1150 | D:2      | Reached skill level 4 in Ranged Weapons
  1275 | D:2      | You fall into a shaft and drop 1 floor!
  1276 | D:3      | 1276 ||| PLANNING SEWER
  1331 | D:3      | Reached skill level 1 in Armour
  1361 | D:3      | Reached XP level 4. HP: 34/36 MP: 4/4
  1412 | D:3      | Found a burning altar of Makhleb.
  1412 | D:3      | Found a hazy altar of Hepliaklqana.
  1716 | D:3      | Found a faded altar of an unknown god.
  1827 | D:3      | 1827 ||| Stepping ~*~*~tactically~*~*~ (water).
  1833 | D:3      | Reached skill level 5 in Ranged Weapons
  1834 | D:3      | 1834 ||| Stepping ~*~*~tactically~*~*~ (water).
  1842 | D:3      | Found a glowing drain.
  1847 | D:3      | 1847 ||| READING scroll labelled UHEEDGH HORCHI.
  1848 | D:3      | 1848 ||| READING 2 scrolls labelled SOIR VIYTINUTO.
  1851 | D:3      | 1851 ||| READING scroll labelled SERIHO TIAXYE.
  1854 | D:3      | 1854 ||| READING scroll labelled XASKEE KUDISM.
  1855 | D:3      | 1855 ||| DRINKING 2 fuming sapphire potions.
  1855 | D:3      | Gained mutation: Armour fits poorly on your strangely
                  | shaped body. [potion of mutation]
  1855 | D:3      | Gained mutation: Your spells are a little harder to cast,
                  | but a little more powerful. [potion of mutation]
  1855 | D:3      | Gained mutation: You are partially covered in iridescent
                  | scales. (AC +2) [potion of mutation]
  1855 | D:3      | Gained mutation: You are strong-willed. (Will+) [potion of
                  | mutation]
  1861 | D:3      | 1861 ||| DROPPING scroll of noise.
  1866 | D:3      | 1866 ||| Stepping ~*~*~tactically~*~*~ (water).
  1870 | Sewer    | Entered a sewer
  1888 | Sewer    | Noticed a kobold brigand
  1892 | Sewer    | Killed a kobold brigand
  1893 | Sewer    | Reached skill level 3 in Fighting
  1893 | Sewer    | Reached XP level 5. HP: 33/46 MP: 5/5
  2060 | Sewer    | 2060 ||| Stepping ~*~*~tactically~*~*~ (water).
  2140 | Sewer    | 2140 ||| READING scroll labelled KIAKKI OBBUDOUCS.
  2141 | Sewer    | 2141 ||| DRINKING 4 inky potions.
  2142 | Sewer    | 2142 ||| DRINKING 2 blue potions.
  2143 | Sewer    | 2143 ||| DRINKING 2 red potions.
  2144 | Sewer    | 2144 ||| DROPPING potion of magic.
  2162 | D:3      | 2162 ||| PLANNING D:1-11
  2177 | D:3      | 2177 ||| FLEEEEING.
  2178 | D:3      | 2178 ||| FLEEEEING.
  2181 | D:3      | 2181 ||| FLEEEEING.
  2182 | D:3      | 2182 ||| FLEEEEING.
  2183 | D:3      | 2183 ||| FLEEEEING.
  2184 | D:3      | 2184 ||| FLEEEEING.
  2185 | D:3      | 2185 ||| FLEEEEING.
  2186 | D:3      | 2186 ||| FLEEEEING.
  2187 | D:3      | 2187 ||| STAIRDANCE
  2496 | D:3      | Noticed Natasha
  2499 | D:3      | 2499 ||| Stepping ~*~*~tactically~*~*~ (outnumbered).
  2501 | D:3      | 2501 ||| Stepping ~*~*~tactically~*~*~ (outnumbered).
  2503 | D:3      | 2503 ||| Stepping ~*~*~tactically~*~*~ (outnumbered).
  2527 | D:3      | Killed Natasha
  2574 | D:3      | Noticed Natasha
  2584 | D:3      | Killed Natasha
  2585 | D:3      | Reached XP level 6. HP: 26/52 MP: 6/6
  2684 | D:3      | Identified the +0 dagger of the Destroying Fulmar {pain,
                  | rN+ Int+3}
  2707 | D:3      | Noticed Natasha
  2712 | D:3      | Killed Natasha
  2713 | D:3      | Reached skill level 6 in Ranged Weapons
  3015 | D:4      | Found Tywn's Magic Scroll Shop.
  3091 | D:4      | 3091 ||| BUYING scroll of enchant weapon (105 gold).
  3091 | D:4      | Bought a scroll of enchant weapon for 105 gold pieces
  3091 | D:4      | 3091 ||| BUYING scroll of identify (28 gold).
  3091 | D:4      | Bought a scroll of identify for 28 gold pieces
  3091 | D:4      | 3091 ||| SHOPLISTING scroll of identify (28 gold, have 25).
  3091 | D:4      | 3091 ||| SHOPLISTING scroll of teleportation (42 gold, have
                  | 25).
  3091 | D:4      | 3091 ||| READING 2 scrolls of enchant weapon.
  3091 | D:4      | 3091 ||| ENCHANTING +1 sling of freezing.
  3092 | D:4      | 3092 ||| READING scroll of enchant weapon.
  3092 | D:4      | 3092 ||| ENCHANTING +2 sling of freezing.
  3707 | D:4      | 3707 ||| READING scroll of enchant weapon.
  3707 | D:4      | 3707 ||| ENCHANTING +3 sling of freezing.
  3755 | D:4      | 3755 ||| READING scroll labelled URIDGH FIBB.
  3756 | D:4      | 3756 ||| DRINKING 3 metallic amethyst potions.
  3757 | D:4      | 3757 ||| READING 3 scrolls of identify.
  3757 | D:4      | 3757 ||| IDENTIFYING yellow potion
  3758 | D:4      | 3758 ||| READING 2 scrolls of identify.
  3758 | D:4      | 3758 ||| IDENTIFYING sedimented yellow potion
  3759 | D:4      | 3759 ||| DROPPING potion of degeneration.
  3760 | D:4      | 3760 ||| DROPPING potion of attraction.
  3779 | D:5      | Entered Level 5 of the Dungeon
  3827 | D:5      | Found Lirral's Assorted Antiques.
  3835 | D:5      | 3835 ||| SHOPLISTING potion of resistance (330 gold, have
                  | 71).
  3835 | D:5      | 3835 ||| SHOPLISTING sapphire ring (165 gold, have 71).
  3835 | D:5      | 3835 ||| SHOPLISTING tubular bone ring (165 gold, have 71).
  3848 | D:5      | Reached skill level 7 in Ranged Weapons
  3848 | D:5      | Reached XP level 7. HP: 51/60 MP: 7/7
  4369 | D:5      | Reached skill level 8 in Ranged Weapons
  4521 | D:5      | 4521 ||| UPGRADING to amulet of faith.
  4526 | D:5      | 4526 ||| UPGRADING to +4 ring of protection.
  4559 | D:6      | Identified the +0 leather armour of the Spider Nest {rElec
                  | rN+ SInv}
  4623 | D:6      | 4623 ||| UPGRADING to +0 leather armour of the Spider Nest
                  | {rElec rN+ SInv}.
  4646 | D:6      | Reached skill level 3 in Dodging
  4775 | D:6      | Reached XP level 8. HP: 68/68 MP: 8/8
  4803 | D:6      | Reached skill level 9 in Ranged Weapons
  4925 | D:6      | Reached skill level 6 in Fighting
  5268 | D:6      | 5268 ||| Stepping ~*~*~tactically~*~*~ (outnumbered).
  5429 | D:6      | Reached skill level 10 in Ranged Weapons
  5569 | D:6      | Found a runed translucent door.
  5711 | D:7      | 5711 ||| STAIRDANCE
  5960 | D:7      | Reached XP level 9. HP: 79/79 MP: 9/9
  6004 | D:7      | Reached skill level 11 in Ranged Weapons
  6134 | D:7      | Noticed Prince Ribbit
  6139 | D:7      | 6139 ||| Stepping ~*~*~tactically~*~*~ (outnumbered).
  6142 | D:7      | Killed Prince Ribbit
  6143 | D:7      | Reached skill level 12 in Ranged Weapons
  6257 | D:7      | Found a blossoming altar of Fedhas.
  6268 | D:7      | 6268 ||| SWAPPING to +0 orcbow.
  6269 | D:7      | 6269 ||| DROPPING +4 sling of freezing.
  6610 | D:7      | 6610 ||| Stepping ~*~*~tactically~*~*~ (outnumbered).
  6612 | D:7      | 6612 ||| Stepping ~*~*~tactically~*~*~ (outnumbered).
  6643 | D:7      | Found a staircase to the Ecumenical Temple.
  6644 | D:7      | 6644 ||| PLANNING TEMPLE
  6644 | D:7      | 6644 ||| DRINKING 2 orange potions.
  6645 | D:7      | 6645 ||| READING 2 scrolls of identify.
  6645 | D:7      | 6645 ||| IDENTIFYING golden potion
  6646 | D:7      | 6646 ||| DROPPING potion of brilliance.
  6655 | Temple   | Entered the Ecumenical Temple
  6669 | Temple   | 6669 ||| PLANNING OKAWARU WORSHIP
  6748 | Temple   | Became a worshipper of Warmaster Okawaru
  6749 | Temple   | 6749 ||| PLANNING D:1-11
  6823 | D:7      | Found a bloodstained altar of Trog.
  6827 | D:7      | Found a white marble altar of Elyvilon.
  6827 | D:7      | Found a shimmering altar of Xom.
  6827 | D:7      | Found a snail-covered altar of Cheibriados.
  6828 | D:7      | Found a broken altar of Ashenzari.
  6832 | D:7      | Found a shimmering blue altar of Sif Muna.
  6833 | D:7      | Found a stormy altar of Qazlal.
  7056 | D:8      | Reached XP level 10. HP: 87/88 MP: 10/10
  7067 | D:8      | Found Kownuz's Self-Improvement Boutique.
  7069 | D:8      | 7069 ||| Stepping ~*~*~tactically~*~*~ (outnumbered).
  7072 | D:8      | 7072 ||| FLEEEEING.
  7111 | D:8      | 7111 ||| FLEEEEING.
  7112 | D:8      | 7112 ||| FLEEEEING.
  7113 | D:8      | 7113 ||| FLEEEEING.
  7114 | D:8      | 7114 ||| FLEEEEING.
  7115 | D:8      | 7115 ||| FLEEEEING.
  7118 | D:8      | Reached * piety under Okawaru
  7119 | D:8      | Reached skill level 13 in Ranged Weapons
  7124 | D:8      | 7124 ||| STAIRDANCE
  7383 | D:8      | Reached skill level 1 in Invocations
  7639 | D:8      | 7639 ||| DROPPING +0 ring mail.
  7640 | D:8      | 7640 ||| UPGRADING to +0 pair of boots.
  7645 | D:8      | 7645 ||| READING 2 scrolls of enchant armour.
  7645 | D:8      | 7645 ||| ENCHANTING +0 pair of boots.
  7646 | D:8      | 7646 ||| READING scroll of enchant armour.
  7646 | D:8      | 7646 ||| ENCHANTING +1 pair of boots.
  7647 | D:8      | 7647 ||| DROPPING +6 ring of intelligence.
  7689 | D:9      | 7689 ||| INVOKING Heroism.
  7694 | D:9      | 7694 ||| Stepping ~*~*~tactically~*~*~ (cloud).
  7704 | D:9      | 7704 ||| Stepping ~*~*~tactically~*~*~ (cloud).
  7868 | D:9      | Noticed a two-headed ogre
  7869 | D:9      | 7869 ||| INVOKING Heroism.
  7878 | D:9      | Killed a two-headed ogre
  8185 | D:9      | Found a transporter.
  8186 | D:9      | Noticed a green ugly thing
  8187 | D:9      | Noticed a green ugly thing
  8189 | D:9      | Found a corrupted altar of Lugonu.
  8189 | D:9      | Noticed a brown ugly thing
  8235 | D:9      | 8235 ||| INVOKING Heroism.
  8289 | D:9      | Found a staircase to the Orcish Mines.
  8297 | D:9      | Reached skill level 9 in Fighting
  8320 | D:9      | 8320 ||| INVOKING Heroism.
  8334 | D:9      | Reached skill level 3 in Invocations
  8344 | D:9      | 8344 ||| INVOKING Heroism.
  8355 | D:9      | 8355 ||| Stepping ~*~*~tactically~*~*~ (outnumbered).
  8359 | D:9      | 8359 ||| Stepping ~*~*~tactically~*~*~ (outnumbered).
  8360 | D:9      | 8360 ||| Stepping ~*~*~tactically~*~*~ (outnumbered).
  8361 | D:9      | 8361 ||| Stepping ~*~*~tactically~*~*~ (outnumbered).
  8363 | D:9      | 8363 ||| Stepping ~*~*~tactically~*~*~ (outnumbered).
  8367 | D:9      | 8367 ||| INVOKING Heroism.
  8381 | D:9      | Reached skill level 6 in Dodging
  8603 | D:9      | Noticed a two-headed ogre
  8604 | D:9      | 8604 ||| INVOKING Heroism.
  8622 | D:9      | Killed a two-headed ogre
  8622 | D:9      | Reached ** piety under Okawaru
  8633 | D:9      | Found a glowing silver altar of Zin.
  8763 | D:9      | Found a transporter.
  8962 | D:9      | Found a snail-covered altar of Cheibriados.
  9045 | D:9      | 9045 ||| READING scroll labelled YPLIFI GAOF.
  9146 | D:9      | 9146 ||| READING 4 scrolls of identify.
  9146 | D:9      | 9146 ||| IDENTIFYING sapphire potion
  9147 | D:9      | 9147 ||| DROPPING potion of invisibility.
  9181 | D:10     | Entered Level 10 of the Dungeon
  9275 | D:10     | Reached skill level 14 in Ranged Weapons
  9287 | D:10     | 9287 ||| INVOKING Heroism.
  9406 | D:10     | Reached XP level 11. HP: 97/97 MP: 13/13
  9430 | D:10     | Reached *** piety under Okawaru
  9435 | D:10     | 9435 ||| INVOKING Heroism.
  9672 | D:10     | 9672 ||| READING scroll of enchant weapon.
  9672 | D:10     | 9672 ||| ENCHANTING +0 orcbow.
  9673 | D:10     | Identified the +5 long sword of Anurill {flame, Dex+4}
  9817 | D:10     | 9817 ||| INVOKING Heroism.
 10080 | D:10     | 10080 ||| DROPPING ring of see invisible.
 10109 | D:11     | 10109 ||| INVOKING Heroism.
 10157 | D:11     | Noticed a white ugly thing
 10158 | D:11     | 10158 ||| INVOKING Heroism.
 10170 | D:11     | Killed a white ugly thing
 10295 | D:11     | 10295 ||| INVOKING Heroism.
 10465 | D:11     | 10465 ||| INVOKING Heroism.
 10573 | D:11     | Reached skill level 15 in Ranged Weapons
 10574 | D:11     | Found a staircase to the Lair.
 10920 | D:11     | 10920 ||| INVOKING Heroism.
 11154 | D:11     | Found a runed translucent door.
 11154 | D:11     | Noticed qw's ghost (journeyman GrFi)
 11159 | D:11     | 11159 ||| PLANNING LAIR
 11159 | D:11     | 11159 ||| DROPPING +3 leather armour.
 11160 | D:11     | 11160 ||| READING 4 scrolls of identify.
 11160 | D:11     | 11160 ||| IDENTIFYING glowing white potion
 11161 | D:11     | 11161 ||| READING 3 scrolls of identify.
 11161 | D:11     | 11161 ||| IDENTIFYING fuming black potion
 11162 | D:11     | 11162 ||| DROPPING potion of ambrosia.
 11202 | Lair:1   | Entered Level 1 of the Lair of Beasts
 11234 | Lair:1   | Reached **** piety under Okawaru
 11243 | Lair:1   | Noticed a wolf spider
 11244 | Lair:1   | 11244 ||| INVOKING Heroism.
 11254 | Lair:1   | Killed a wolf spider
 11302 | Lair:1   | Noticed a wolf spider
 11303 | Lair:1   | 11303 ||| INVOKING Heroism.
 11311 | Lair:1   | Killed a wolf spider
 11589 | Lair:1   | Noticed a skyshark
 11598 | Lair:1   | 11598 ||| INVOKING Heroism.
 11601 | Lair:1   | HP: 13/99 [skyshark (25)]
 11602 | Lair:1   | 11602 ||| READING 5 scrolls of teleportation.
 11603 | Lair:1   | 11603 ||| DRINKING 3 potions of heal wounds.
 11810 | Lair:1   | 11810 ||| INVOKING Heroism.
 11964 | Lair:1   | Reached skill level 6 in Invocations
 12253 | Lair:1   | 12253 ||| INVOKING Heroism.
 12256 | Lair:1   | Killed a skyshark
 12257 | Lair:1   | Reached skill level 16 in Ranged Weapons
 12430 | Lair:1   | 12430 ||| UPGRADING to +1 hat.
 12435 | Lair:1   | 12435 ||| READING scroll labelled QIACUE RUOV.
 12436 | Lair:1   | 12436 ||| READING 2 scrolls of identify.
 12436 | Lair:1   | 12436 ||| IDENTIFYING fuming silvery potion
 12521 | Lair:2   | Found a hole to the Spider Nest.
 12522 | Lair:2   | 12522 ||| INVOKING Heroism.
 12534 | Lair:2   | Reached XP level 12. HP: 99/106 MP: 13/15
 12746 | Lair:2   | 12746 ||| INVOKING Heroism.
 12749 | Lair:2   | Noticed Amaemon
 12780 | Lair:2   | Killed Amaemon
 12930 | Lair:2   | Found a runed translucent door.
 12933 | Lair:2   | Noticed qw's ghost (journeyman GrFi)
 13022 | Lair:2   | Reached ***** piety under Okawaru
 13049 | Lair:2   | 13049 ||| Stepping ~*~*~tactically~*~*~ (water).
 13049 | Lair:2   | Noticed a death yak
 13049 | Lair:2   | Noticed a death yak
 13050 | Lair:2   | 13050 ||| INVOKING Heroism.
 13051 | Lair:2   | Noticed a death yak
 13054 | Lair:2   | Noticed a death yak
 13057 | Lair:2   | Noticed a death yak
 13061 | Lair:2   | Noticed a death yak
 13065 | Lair:2   | Killed a death yak
 13066 | Lair:2   | 13066 ||| INVOKING Finesse.
 13077 | Lair:2   | HP: 24/106 [death yak (8)]
 13078 | Lair:2   | 13078 ||| READING 4 scrolls of teleportation.
 13079 | Lair:2   | 13079 ||| DRINKING 3 potions of heal wounds.
 13080 | Lair:2   | 13080 ||| DRINKING 2 potions of heal wounds.
 13367 | Lair:2   | Found a staircase to the Shoals.
 13368 | Lair:2   | 13368 ||| Stepping ~*~*~tactically~*~*~ (water).
 13377 | Lair:2   | 13377 ||| INVOKING Heroism.
 13383 | Lair:2   | 13383 ||| UPGRADING to +0 cloak.
 13392 | Lair:2   | HP: 25/107 [snapping turtle (15)]
 13393 | Lair:2   | 13393 ||| READING 3 scrolls of teleportation.
 13394 | Lair:2   | 13394 ||| DRINKING potion of heal wounds.
 13405 | Lair:2   | 13405 ||| FLEEEEING.
 13700 | Lair:2   | 13700 ||| INVOKING Heroism.
 13717 | Lair:2   | Killed a death yak
 13728 | Lair:2   | Killed a death yak
 13736 | Lair:2   | 13736 ||| INVOKING Heroism.
 13740 | Lair:2   | HP: 14/108 [death yak (19)]
 13741 | Lair:2   | 13741 ||| READING 2 scrolls of teleportation.
 13744 | Lair:2   | Mangled by a death yak

Levels and vault maps discovered:
D:1:      nzn_arrival_water_spiral, layout_basic
D:2:      layout_loops_ring
D:3:      layout_basic, nicolae_overflow_two_pavilions, gup_sewer_entry_pipe,
          shapermc_ecumenical_altar_flowoftime, dilly_guarded_unrand_morg
D:4:      layout_gridville, serial_shops, shop
D:5:      layout_basic, serial_shops, nicolae_stop_n_shop_1,
          kennysheep_generic_room_15
D:6:      layout_basic, serial_glass, glass_columns_b, glass_columns_a,
          lightli_church_of_beogh
D:7:      layout_cave_pools, mainiacjoe_overflow_alcove_1, minitemple,
          temple_hall, serial_undead, serial_undead_c, serial_undead_f,
          serial_undead_c, serial_undead_b, minmay_manual_mares,
          uniq_prince_ribbit1
D:8:      layout_basic, nicolae_shop_self_help
D:9:      gammafunk_corrupted_shrine, layout_basic, david_orc_1_choice,
          hangedman_feature_mirror
D:10:     layout_loops_ring
D:11:     layout_gridville, hellmonk_lair_entry_icy, gammafunk_ghost_grave
Temple:   nicolae_temple_hex_pool
Lair:1:   layout_hall_layers, nicolae_lair_run_with_the_wolves
Lair:2:   layout_roguey [special_room_bee], minmay_shoals_entry_hut,
          hellmonk_spider_entry_not_the_bees, ebering_ghost_inner_flame,
          uniq_amaemon

Skill      XL: |  1  2  3  4  5  6  7  8  9 10 11 12 |
---------------+-------------------------------------+-----
Ranged Weapons | 3 4 5 7 8 10 12 14 16 | 16.0
Fighting       | 2 3 4 5 7 8 9 10 | 10.8
Armour         | 1 4 |  4.6
Dodging        | 3 4 5 6 7 8 |  8.1
Invocations    | 4 6 8 |  8.0
Spellcasting   | |  1.0
Hexes          | |  2.0

Action                     |  1- 3 |  4- 6 |  7- 9 | 10-12 || total
---------------------------+-------+-------+-------+-------++-------
   Fire: Sling             |   140 |   208 |   248 |       ||   596
         Orcbow            |       |       |    96 |   756 ||   852
 Invoke: Heroism           |       |       |       |    26 ||    26
         Finesse           |       |       |       |     1 ||     1
    Use: Scroll            |     4 |    11 |     1 |    13 ||    29
         Potion            |       |     5 |     1 |     4 ||    10
 Armour: Robe              |     2 |       |       |       ||     2
         Ring mail         |    11 |    19 |     7 |       ||    37
         Leather armour    |       |       |    41 |    85 ||   126
  Dodge: Dodged            |    46 |    95 |   238 |   371 ||   750

Table legend:
 A = Non-vault XP
 B = Vault XP
 C = Vault XP percentage of total XP
 D = Non-vault monster count
 E = Vault monster count
 F = Vault count percentage of total count
                 A         B        C        D         E       F
            +---------+---------+-------+---------+---------+-------
      Total |   20840 |    7063 |  25.3 |     243 |      74 |  23.3
            +---------+---------+-------+---------+---------+-------
        D:1 |      39 |       0 |   0.0 |      24 |       0 |   0.0
        D:2 |      53 |       0 |   0.0 |      19 |       0 |   0.0
        D:3 |     146 |      70 |  32.4 |      26 |      16 |  38.1
        D:4 |     163 |       0 |   0.0 |      16 |       0 |   0.0
        D:5 |     279 |     118 |  29.7 |       7 |       1 |  12.5
        D:6 |    1186 |       0 |   0.0 |      25 |       0 |   0.0
        D:7 |    1218 |    1566 |  56.2 |      22 |      15 |  40.5
        D:8 |     918 |       0 |   0.0 |      22 |       0 |   0.0
        D:9 |    3298 |     894 |  21.3 |      25 |       9 |  26.5
       D:10 |    2331 |       0 |   0.0 |      12 |       0 |   0.0
       D:11 |    3446 |     879 |  20.3 |      20 |       5 |  20.0
     Lair:1 |    2977 |    1666 |  35.9 |      12 |       6 |  33.3
     Lair:2 |    4786 |    1752 |  26.8 |      13 |       7 |  35.0
      Sewer |       0 |     118 | 100.0 |       0 |      15 | 100.0
            +---------+---------+-------+---------+---------+-------
